 Dungeon Crawl Stone Soup version 0.26.1-11-gd32895ea62 (webtiles) character file.

Game seed: 9719044893625170823

10276 Zeld the Scholar of Death (level 11, -1/112 HPs)
             Began as an Octopode Necromancer on May 20, 2021.
             Was a Follower of Kikubaaqudgha.
             Slain by a wolf (8 damage)
             ... on level 8 of the Dungeon.
             The game lasted 01:09:59 (37054 turns).

Zeld the Scholar of Death (Octopode Necromancer)   Turns: 37054, Time: 01:10:01

Health: -1/112     AC:  1    Str:  8    XL:     11   Next: 59%
Magic:  9/21       EV: 17    Int: 21    God:    Kikubaaqudgha [*.....]
Gold:   103        SH:  0    Dex: 12    Spells: 9/23 levels left

rFire    . . .     SeeInvis +   a - +6 dagger (freeze)
rCold    . . .     Faith    .   (no shield)
rNeg     . . .     Spirit   .   (helmet restricted)
rPois    .         Reflect  .   c - amulet of magic regeneration
rElec    .         Harm     .   h - ring of see invisible
rCorr    .         Rampage  .   (no ring)
Will     .....                  (no ring)
Stlth    ..........             (no ring)
HPRegen  0.28/turn              (no ring)
MPRegen  0.42/turn              (no ring)
                                (no ring)
                                (no ring)

@: berserking, very quick
A: almost no armour, stealthy swim, amphibious, 8 rings, constrict 8, camouflage
1, gelatinous body 1
a: Renounce Religion, Receive Corpses


You were on level 8 of the Dungeon.
You worshipped Kikubaaqudgha.
Kikubaaqudgha was aware of your devotion.
You visited 3 branches of the dungeon, and saw 13 of its levels.
You visited 1 bazaar.
You also visited: Ossuary.

You collected 693 gold pieces.
You spent 590 gold pieces at shops.

Inventory:

Hand Weapons
 a - a +6 dagger of freezing (weapon)
Magical Staves
 b - an uncursed staff of death
Jewellery
 c - an amulet of magic regeneration (around mantle)
 h - a ring of see invisible (left tentacle)
Wands
 k - a wand of acid (9)
 s - a wand of disintegration (33)
 u - a wand of paralysis (5)
 x - a wand of flame (31)
 y - a wand of random effects (19)
 B - a wand of digging (5)
 C - a wand of iceblast (4)
Scrolls
 e - a scroll of magic mapping
 g - 10 scrolls of remove curse
 q - 7 scrolls of amnesia
 t - a scroll of enchant armour {unknown}
 z - a scroll of holy word {unknown}
 A - a scroll of immolation {unknown}
Potions
 d - 3 potions of degeneration {unknown}
 f - a potion of experience {unknown}
 i - a potion of invisibility {unknown}
 l - a potion of cancellation {unknown}
 m - a potion of brilliance
 n - a potion of lignification {unknown}
 o - 3 potions of magic
 p - a potion of flight {unknown}
 v - a potion of haste
 w - 2 potions of berserk rage


   Skills:
 + Level 7.1 Fighting
 + Level 7.6 Dodging
 - Level 2.6 Stealth
 + Level 6.9 Spellcasting
 * Level 10.9 Necromancy
 * Level 8.7 Evocations


You had 9 spell levels left.
You knew the following spells:

 Your Spells              Type           Power        Failure   Level
a - Pain                  Necr           100%         1%          1
b - Animate Skeleton      Necr           100%         1%          1
c - Vampiric Draining     Necr           26%          1%          3
d - Animate Dead          Necr           26%          1%          4
e - Agony                 Necr           52%          2%          5

Your spell library contained the following spells:

 Spells                   Type           Power        Failure   Level
 Sublimation of Blood     Necr           26%          1%          2
 Apportation              Tloc           14%          9%          1
 Corona                   Hex            7%           9%          1
 Summon Small Mammal      Summ           28%          9%          1


Dungeon Overview and Level Annotations

Branches:
Dungeon (11/15)            Temple (1/1) D:4            Lair (1/6) D:8
    Orc (0/2) D:11        Ossuary (visited)

Altars:
Ashenzari
Cheibriados
Dithmenos
Elyvilon
Fedhas
Gozag
Hepliaklqana
Kikubaaqudgha
Makhleb
Nemelex Xobeh
Okawaru
Qazlal
Ru
Sif Muna
Trog
Uskayaw
Vehumet
Wu Jian
Xom
Yredelemnul
Zin
The Shining One

Shops:
D:5 }


Innate Abilities, Weirdness & Mutations

You cannot wear most types of armour.
You are very stealthy in the water. (Stealth+)
You are amphibious.
You can wear up to eight rings at the same time.
You can use your tentacles to constrict eight enemies at once.
Your skin changes colour to match your surroundings (Stealth+).
Your rubbery body absorbs attacks. (AC +1, EV +1)


Message History

* * * LOW HITPOINT WARNING * * *
The wolf bites you.
* * * LOW HITPOINT WARNING * * *
The wolf misses you.
Unknown command.
A red film seems to cover your vision as you go berserk!
You feel yourself moving faster!
You feel mighty! The wolf misses you. The wolf closely misses you.
The wolf barely misses you. The wolf closely misses you.
You puncture the wolf! You freeze the wolf. Your grab misses the wolf.
The wolf is heavily wounded.
The wolf closely misses you. x3; The wolf misses you.
You hit the wolf. You freeze the wolf. You grab the wolf.
The wolf is severely wounded.
You constrict the wolf, but do no damage.
The wolf misses you. The wolf closely misses you. The wolf bites you!
* * * LOW HITPOINT WARNING * * *
The wolf bites you!
You die...
Kikubaaqudgha rasps: "You have failed me!
Welcome... death!"

....#### #...........#####.###
.......####.P..P....P..[....#
#..###..........P.P.....#########
................P..P.............
.........P..PP.............######
..........P.P.P....P..P.....#
.........P.....P............##
................†hP.P........#
#...##...P.P.P..@h...P.......##
....##..........hP.......P.#..#
##.....P..P[...P.....P.....####
##.#.......P.P............##
##.#....P.....P..........P.######
##.#........P...P..P..P.##.......
##.#...........P.....P.<.........
#................P.....##########
...........#######...###


You could see 3 wolves.

Vanquished Creatures
  2 two-headed ogres (D:11)
  Pikel (D:5)
  A centaur skeleton (D:11)
  A troll (D:11)
  A vampire (D:8)
  A wraith (Ossuary)
  10 yaks
  4 wargs (D:11)
  3 water moccasins
  3 necrophages
  8 orc warriors
  2 black bears
  A phantom (D:5)
  4 centaurs
  An eye of draining (D:10)
  3 wolves (D:8)
  4 ogres
  2 big kobolds
  A lemure (D:4)
  7 bullfrogs
  A scorpion (D:8)
  A wight (D:10)
  11 killer bees
  2 howler monkeys
  An electric eel (D:6)
  A centaur zombie (D:7)
  7 orc priests
  4 orc wizards
  2 bullfrog skeletons
  5 hounds
  Ijyb (D:5)
  4 iguanas
  11 worker ants
  A hound zombie (D:10)
  A mummy (Ossuary)
  A howler monkey zombie (D:6)
  4 gnolls
  13 adders
  5 shadow imps
  2 white imps
  An ufetubus (D:7)
  2 worms
  5 leopard geckos
  30 orcs
  3 ball pythons
  5 bats
  10 giant cockroaches
  10 goblins
  8 hobgoblins
  11 jackals
  3 quokkas
  8 gnoll skeletons (Ossuary)
  16 kobolds
  8 kobold skeletons (Ossuary)
  2 leopard gecko skeletons
  9 orc skeletons (Ossuary)
  2 quokka skeletons
  8 rats
279 creatures vanquished.

Vanquished Creatures (collateral kills)
  Maggie (D:7)
  A troll (D:11)
  Sigmund (D:3)
  2 water moccasins (D:8)
  An ogre (D:7)
  A howler monkey (D:10)
  An orc priest (D:10)
  An orc wizard (D:6)
  A white imp (D:6)
  2 orcs
  A bat (D:3)
  A jackal (D:1)
14 creatures vanquished.

Vanquished Creatures (others)
  43 fungi (D:8)
  36 plants (D:8)
79 creatures vanquished.

Grand Total: 372 creatures vanquished

Notes
Turn   | Place    | Note
-------+----------+-------------------------------------------
     0 | D:1      | Zeld the Octopode Necromancer began the quest for the Orb.
     0 | D:1      | Reached XP level 1. HP: 11/11 MP: 3/3
     2 | D:1      | Learned a level 1 spell: Animate Skeleton
   718 | D:1      | Reached XP level 2. HP: 15/18 MP: 1/5
  1784 | D:1      | Reached XP level 3. HP: 8/22 MP: 0/6
  1788 | D:1      | Learned a level 3 spell: Vampiric Draining
  2354 | D:2      | Reached skill level 1 in Fighting
  2771 | D:2      | Reached XP level 4. HP: 23/28 MP: 0/7
  4060 | D:3      | Reached XP level 5. HP: 33/34 MP: 1/9
  4232 | D:3      | Learned a level 4 spell: Animate Dead
  4529 | D:3      | Reached skill level 5 in Necromancy
  5451 | D:3      | Noticed Sigmund
  5458 | D:3      | Killed Sigmund
  5459 | D:3      | Reached XP level 6. HP: 33/41 MP: 4/10
  6521 | D:4      | Found a staircase to the Ecumenical Temple.
  6532 | Temple   | Entered the Ecumenical Temple
  6658 | Temple   | Became a worshipper of Kikubaaqudgha
  7530 | D:5      | Entered Level 5 of the Dungeon
  7830 | D:5      | Noticed Ijyb
  7840 | D:5      | Paralysed by Ijyb for 2 turns
  7842 | D:5      | Killed Ijyb
  7943 | D:5      | Noticed Pikel
  8275 | D:5      | Found Jyrej's Gadget Shoppe.
  8284 | D:5      | Bought a wand of disintegration (9) for 169 gold pieces
  8339 | D:5      | Noticed a phantom
  8349 | D:5      | Reached skill level 6 in Necromancy
  8349 | D:5      | Reached XP level 7. HP: 42/45 MP: 8/12
 10439 | D:5      | Killed Pikel
 10440 | D:5      | Reached XP level 8. HP: 37/54 MP: 12/14
 10446 | D:5      | Learned a level 5 spell: Agony
 10796 | D:5      | Reached skill level 7 in Necromancy
 12732 | D:6      | Found a snail-covered altar of Cheibriados.
 12732 | D:6      | Found a glowing silver altar of Zin.
 12732 | D:6      | Found an ornate altar of the Wu Jian Council.
 12732 | D:6      | Found a basalt altar of Yredelemnul.
 12745 | D:6      | Found a sand-covered staircase.
 12760 | Ossuary  | Entered an ossuary
 12760 | Ossuary  | Noticed a wraith
 12760 | Ossuary  | Noticed a wraith
 12760 | Ossuary  | Noticed a wraith
 13325 | Ossuary  | Noticed a wraith
 13356 | Ossuary  | Killed a wraith
 13651 | Ossuary  | Reached * piety under Kikubaaqudgha
 13651 | Ossuary  | Identified Kikubaaqudgha's Papyrus of Sinister Arts
                  | (Kikubaaqudgha gifted it to you in an ossuary)
 13651 | Ossuary  | Received a gift from Kikubaaqudgha
 14460 | D:6      | Reached skill level 1 in Evocations
 14555 | D:6      | Reached skill level 5 in Dodging
 14613 | D:6      | Reached XP level 9. HP: 59/59 MP: 2/16
 14914 | D:6      | Reached skill level 8 in Necromancy
 17710 | D:7      | Reached skill level 5 in Spellcasting
 18460 | D:7      | Found an ancient bone altar of Kikubaaqudgha.
 19006 | D:7      | Found a sparkling altar of Nemelex Xobeh.
 19027 | D:7      | Reached skill level 5 in Fighting
 19070 | D:7      | Noticed Maggie
 19084 | D:7      | Killed Maggie
 20448 | D:5      | Bought a wand of flame (8) for 65 gold pieces
 20732 | D:8      | Found a staircase to the Lair.
 20763 | D:8      | Reached skill level 5 in Evocations
 21095 | D:8      | Reached skill level 9 in Necromancy
 21145 | D:8      | Reached XP level 10. HP: 48/66 MP: 6/18
 21912 | D:8      | Found a sparkling altar of Nemelex Xobeh.
 21913 | D:8      | Found an opulent altar of Gozag.
 22535 | D:9      | Reached ** piety under Kikubaaqudgha
 25523 | D:10     | Entered Level 10 of the Dungeon
 28242 | D:10     | HP: 1/68 [yak (13)]
 28614 | D:9      | Reached skill level 10 in Necromancy
 29473 | D:9      | Noticed a rust devil
 29473 | D:9      | Noticed a rust devil
 29498 | D:10     | Reached XP level 11. HP: 42/74 MP: 6/20
 30420 | D:11     | Found a flickering gateway to a bazaar.
 30428 | Bazaar   | Entered a bazaar
 30428 | Bazaar   | Found Sani's Distillery.
 30435 | Bazaar   | Bought a potion of berserk rage for 45 gold pieces
 30435 | Bazaar   | Bought a potion of curing for 27 gold pieces
 30435 | Bazaar   | Bought a potion of curing for 27 gold pieces
 30438 | Bazaar   | Found Qutat's General Store.
 30446 | Bazaar   | Bought a scroll of teleportation for 36 gold pieces
 30454 | Bazaar   | Found Byoj's Gadget Emporium.
 30462 | Bazaar   | Bought a wand of paralysis (7) for 117 gold pieces
 30462 | Bazaar   | Bought a wand of iceblast (4) for 104 gold pieces
 30483 | Bazaar   | Found Hearaloy's Antique Weapon Shop.
 30491 | Bazaar   | Found Bicwiav's Antique Armour Shop.
 30549 | D:11     | Noticed a two-headed ogre
 31139 | D:11     | Killed a two-headed ogre
 32367 | D:11     | Found a staircase to the Orcish Mines.
 32419 | D:11     | HP: 2/74 [warg (9)]
 34634 | D:11     | Noticed a two-headed ogre
 35363 | D:11     | Killed a two-headed ogre
 36091 | D:8      | Found a staircase to the Lair.
 36484 | D:8      | Found a sparkling altar of Nemelex Xobeh.
 36485 | D:8      | Found an opulent altar of Gozag.
 36772 | Lair:1   | Entered Level 1 of the Lair of Beasts
 37044 | Lair:1   | Noticed a seven-headed hydra
 37054 | D:8      | Slain by a wolf

Illustrated notes

Levels and vault maps discovered:
D:1:      erik_arrival_orb_chamber, layout_basic, amcnicky_mini_pool_small,
          chequers_serial_rivers_micro_d
D:2:      layout_loops_ring, kennysheep_generic_room_14
D:3:      layout_basic, uniq_sigmund
D:4:      layout_cave_pods, temple_pool_b
D:5:      layout_gridville, serial_shops, shop, chequers_mini_garden,
          uniq_pikel, uniq_ijyb
D:6:      layout_basic, chequers_temple_overflow_statue_of_worship,
          enter_ossuary_3, nrook_pool_corridor
D:7:      layout_layer_cave, basic_altar, minmay_ruined_shrine, uniq_maggie
D:8:      layout_rooms, grunt_temple_overflow_opulence,
          due_lair_maze_entry_diamond, serial_glass, glass_columns_a,
          glass_columns_a, dk_noncrumbling_4, nicolae_two_hexagons,
          roderic_lattice_a
D:9:      cheibrodos_iron_armory, layout_rooms, serial_rivers,
          chequers_serial_rivers_small_a, chequers_serial_rivers_small_a,
          chequers_serial_rivers_room_b, chequers_serial_rivers_micro_d,
          chequers_serial_rivers_small_3, chequers_serial_rivers_small_b
D:10:     layout_long_grid, kennysheep_potato
D:11:     layout_irregular_city, minmay_orc_entry_guard_dogs, serial_shops,
          bzr_entry_lakeside
Temple:   regret_index_temple_sphere_string
Lair:1:   layout_regular_city, nicolae_quartered_pool_super,
          grunt_forest_large_clearings, uniq_sonja

Skill      XL: |  1  2  3  4  5  6  7  8  9 10 11 |
---------------+----------------------------------+-----
Fighting       | 1 2 3 4 5 6 7 |  7.1
Necromancy     | 5 6 7 9 10 | 10.9
Dodging        | 3 4 5 6 7 |  7.6
Spellcasting   | 3 4 5 6 |  6.9
Evocations     | 2 5 7 8 |  8.7
Stealth        | |  2.6

Action                   |  1- 3 |  4- 6 |  7- 9 | 10-12 || total
-------------------------+-------+-------+-------+-------++-------
Melee: Unarmed           |    14 |     4 |       |       ||    18
       Constrict         |     3 |     4 |    32 |    22 ||    61
       Dagger            |       |     6 |   178 |    88 ||   272
       Tentacles         |       |     1 |    29 |    20 ||    50
       Staff             |       |       |       |    29 ||    29
 Cast: Pain              |    49 |   105 |    99 |   104 ||   357
       Animate Skeleton  |     9 |    26 |     1 |     1 ||    37
       Vampiric Draining |       |     6 |    59 |   190 ||   255
       Animate Dead      |       |     3 |    20 |    23 ||    46
       Agony             |       |       |       |     8 ||     8
Evoke: Wand              |       |       |    15 |     2 ||    17
  Use: Scroll            |       |       |    13 |    15 ||    28
       Potion            |       |       |     3 |    10 ||    13
 Stab: Sleeping          |       |     1 |     1 |       ||     2
       Paralysed         |       |       |     6 |     5 ||    11
Armor: Skin              |     2 |     3 |    10 |     8 ||    23
Dodge: Dodged            |     9 |    48 |   189 |   313 ||   559
